 Dungeon Crawl Stone Soup version 0.28.0-45-g0d030f2227 (webtiles) character file.

Game seed: 8203720661978254638

625 nickcage the Slasher (level 7, 0/52 HPs)
             Began as a Demonspawn Abyssal Knight on Apr 13, 2022.
             Was a Priest of Lugonu.
             Slain by Duvessa
             ... wielding a +0 short sword
              (15 damage)
             ... on level 5 of the Dungeon.
             The game lasted 00:10:26 (4687 turns).

nickcage the Slasher (Demonspawn Abyssal Knight)    Turns: 4687, Time: 00:10:26

Health: 0/52       AC:  9    Str: 15    XL:     7   Next: 23%
Magic:  8/8        EV:  6    Int: 12    God:    Lugonu [***...]
Gold:   201        SH:  0    Dex: 13    Spells: 6/6 levels left

rFire   . . .      SeeInvis .   a - +1 falchion
rCold   . . .      Faith    .   (no shield)
rNeg    . . .      Spirit   .   n - +0 chain mail
rPois   .          Reflect  .   (helmet restricted)
rElec   .          Harm     .   (no cloak)
rCorr   .          Rampage  .   (no gloves)
Will    .....                   d - +0 pair of boots
Stlth   ..........              (no amulet)
HPRegen 0.17/turn               (no ring)
MPRegen 0.11/turn               (no ring)

@: no status effects
A: horns 2, spiny 1, demonic touch 1
a: Renounce Religion, Depart the Abyss, Bend Space, Banish


You were on level 5 of the Dungeon.
You worshipped Lugonu.
Lugonu was most pleased with you.
You visited 1 branch of the dungeon, and saw 5 of its levels.
You visited the Abyss 1 time.

You collected 201 gold pieces.

Inventory:

Hand Weapons
 a - a +1 falchion (weapon)
Missiles
 r - a throwing net
Armour
 b - a +0 leather armour
 d - a +0 pair of boots (worn)
 h - a +0 ring mail
 n - a +0 chain mail (worn)
Scrolls
 c - a scroll of identify {unknown}
 e - 3 scrolls of amnesia {unknown}
 f - a scroll of enchant armour {unknown}
 g - a scroll of immolation {unknown}
 i - a scroll of teleportation {unknown}
 p - a scroll of holy word {unknown}
 q - a scroll of summoning {unknown}
 s - a scroll of vulnerability {unknown}
Potions
 j - a potion of attraction
 m - 2 potions of heal wounds {unknown}
 o - a potion of degeneration {unknown}


   Skills:
 + Level 3.0 Fighting
 + Level 7.4 Long Blades
 - Level 1.7 Armour
 - Level 0.8 Dodging
 - Level 2.4 Invocations


You had 6 spell levels left.
You didn't know any spells.
Your spell library contained the following spells:

 Spells                   Type           Power      Damage    Failure   Level
 Corpse Rot               Necr/Air       0%         N/A       100%        2
 Dispel Undead            Necr           0%         3d6       100%        4
 Death Channel            Necr           0%         N/A       100%        6


Dungeon Overview and Level Annotations

Branches:
Dungeon (5/15)
 Temple: D:4-7

Altars:
Yredelemnul
Zin

Annotations:
D:5 Duvessa, Menkaure


Innate Abilities, Weirdness & Mutations

You have a pair of horns on your head.
You are partially covered in sharp spines.
Your touch may inflict minor irresistible damage on your foes.


Message History

You climb upwards.
There is a stone staircase leading down here.
There is a stone staircase leading down here.
You climb downwards.
Level annotation: Duvessa, Menkaure
There is a stone staircase leading up here.
Things that are here:
a +0 robe; a +0 dagger Duvessa shouts!
Duvessa goes berserk!
A water moccasin skeleton comes into view.
Duvessa completely misses you. Duvessa is struck by your spines.
Duvessa hits you but does no damage.
You hit Duvessa.
You touch Duvessa.
Duvessa is lightly wounded.
Duvessa completely misses you.
You hit Duvessa.
Duvessa is moderately wounded.
Duvessa hits you with a +0 short sword! Duvessa barely misses you.
You closely miss Duvessa. You headbutt Duvessa. Your touch misses Duvessa.
Duvessa is moderately wounded.
Duvessa is struck by your spines. Duvessa hits you with a +0 short sword.
You closely miss Duvessa.
Duvessa is heavily wounded.
Duvessa barely misses you.
You closely miss Duvessa.
Duvessa is heavily wounded.
Duvessa hits you but does no damage. Duvessa hits you with a +0 short sword!
You hit Duvessa. Your headbutt misses Duvessa.
Duvessa is heavily wounded.
Duvessa hits you with a +0 short sword.
You hit Duvessa.
Duvessa is heavily wounded.
Duvessa hits you with a +0 short sword.
You hit Duvessa but do no damage.
Duvessa is heavily wounded.
Duvessa is struck by your spines. Duvessa hits you with a +0 short sword!
* * * LOW HITPOINT WARNING * * *
Duvessa hits you with a +0 short sword!
You die...

### ....
.....
######......
#...@eZ.....
##.###......
#.# #....
#.#
...######
#.# .#....#
#.# #....#
#.# #....#
#.#
####....#
#.#
#.......#


You could see Duvessa (berserk) and a water moccasin skeleton.

Vanquished Creatures
  2 ogres
  A bullfrog (D:3)
  Dowan (D:5)
  A howler monkey (D:4)
  2 hounds
  A jelly (D:4)
  A bullfrog skeleton (D:5)
  Robin (D:3)
  4 adders
  5 gnolls
  An adder skeleton (D:4)
  4 worms
  2 dart slugs
  An orc (D:3)
  7 endoplasms
  3 giant cockroaches
  12 goblins
  7 hobgoblins
  3 jackals (D:3)
  4 quokkas
  10 ball pythons
  4 bats
  3 frilled lizards
  9 kobolds
  A quokka skeleton (D:4)
  5 rats
95 creatures vanquished.

Notes
Turn   | Place    | Note
-------+----------+-------------------------------------------
     0 | Abyss:1  | nickcage the Demonspawn Abyssal Knight began the quest for
                  | the Orb.
     0 | Abyss:1  | Reached XP level 1. HP: 18/18 MP: 2/2
     9 | D:1      | Escaped the Abyss
   109 | D:1      | Reached skill level 2 in Long Blades
   233 | D:1      | Gained mutation: You are partially covered in sharp spines.
                  | [demonic ancestry]
   233 | D:1      | Reached XP level 2. HP: 13/24 MP: 3/3
   686 | D:1      | Reached ** piety under Lugonu
   749 | D:1      | Reached skill level 3 in Long Blades
  1169 | D:2      | Discovered your monstrous ancestry.
  1169 | D:2      | Gained mutation: You have a pair of small horns on your
                  | head. [demonic ancestry]
  1169 | D:2      | Reached XP level 3. HP: 29/29 MP: 4/4
  1614 | D:2      | Found a faded altar of an unknown god.
  1913 | D:3      | Reached skill level 4 in Long Blades
  1913 | D:3      | Gained mutation: You have a pair of horns on your head.
                  | [demonic ancestry]
  1913 | D:3      | Reached XP level 4. HP: 29/35 MP: 5/5
  2096 | D:3      | Noticed a bullfrog
  2098 | D:3      | Killed a bullfrog
  2099 | D:3      | Reached XP level 5. HP: 41/41 MP: 6/6
  2169 | D:3      | Noticed Robin
  2174 | D:3      | Killed Robin
  2175 | D:3      | Reached skill level 5 in Long Blades
  2381 | D:3      | Found a basalt altar of Yredelemnul.
  2466 | D:3      | Reached *** piety under Lugonu
  3190 | D:4      | Reached XP level 6. HP: 47/47 MP: 7/7
  3314 | D:4      | Reached skill level 6 in Long Blades
  3871 | D:5      | Entered Level 5 of the Dungeon
  3962 | D:5      | Noticed Dowan
  3962 | D:5      | Noticed Duvessa
  3995 | D:5      | Killed Dowan
  4054 | D:5      | Noticed Menkaure
  4060 | D:4      | Reached skill level 7 in Long Blades
  4286 | D:4      | Gained mutation: Your touch may inflict minor irresistible
                  | damage on your foes. [demonic ancestry]
  4286 | D:4      | Reached XP level 7. HP: 5/52 MP: 8/8
  4687 | D:5      | Slain by Duvessa

Illustrated notes

Levels and vault maps discovered:
D:1:      dpeg_arrival_pits, layout_basic
D:2:      layout_loops_ring, ebering_ecumenical_altar_mist, serial_park_tiny_1
D:3:      layout_loops_ring, gammafunk_temple_overflow_pools,
          minmay_misc_feat_square, chequers_hall_statues_wall_a,
          chequers_mini_garden, minmay_starry_boxes, uniq_robin
D:4:      layout_loops_ring
D:5:      layout_basic, mainiacjoe_overflow_big_doors, enter_ossuary_3,
          grunt_ministairs_13, uniq_duvessa, uniq_menkaure, uniq_ijyb

Skill      XL: |  1  2  3  4  5  6 |
---------------+-------------------+-----
Long Blades    | 2 3 4 5 7 |  7.4
Fighting       | |  3.0
Armour         | |  1.7
Dodging        | |  0.8
Invocations    | |  2.4

Action                   |  1- 3 |  4- 6 |  7- 9 || total
-------------------------+-------+-------+-------++-------
Melee: Falchion          |    81 |   106 |    10 ||   197
       Punch             |     2 |     1 |       ||     3
       Headbutt          |     2 |    19 |     2 ||    23
       Touch             |       |       |     1 ||     1
  Use: Potion            |       |     3 |       ||     3
Armor: Leather armour    |    17 |       |       ||    17
       Ring mail         |     8 |    13 |       ||    21
       Chain mail        |       |    16 |     2 ||    18
Dodge: Dodged            |    50 |    34 |     4 ||    88
